 Dungeon Crawl Stone Soup version 0.17.2-1-ge4368a0 (webtiles) character file.

1696 ololoev the Chopper (level 8, 0/96 HPs)
             Began as a Demonspawn Berserker on Aug 1, 2016.
             Was a Believer of Trog.
             Slain by a yak (2 damage)
             ... on level 10 of the Dungeon.
             The game lasted 00:13:18 (1782 turns).

ololoev the Chopper (Demonspawn Berserker)          Turns: 1782, Time: 00:13:18

Health: 0/96       AC: 13    Str: 25    XL:     8   Next: 72%
Magic:  8/8        EV:  9    Int:  8    God:    Trog [**....]
Gold:   258        SH:  0    Dex: 17    Spells: 0 memorised, 7 levels left

rFire  . . .     SeeInvis +     a - +0 battleaxe
rCold  + + +     Rnd*Rage +     D - +0 plate armour
rNeg   . . .     SustAt   .     (shield currently unavailable)
rPois  +         Gourm    .     (helmet restricted)
rElec  .         Spirit   .     (no cloak)
rCorr  .         Warding  .     (no gloves)
rMut   .         Stasis   .     (no boots)
MR     .....                    (no amulet)
Stlth  ..........               o - ring of Inokaf {+Fly rC+++ Dex-3 Slay+5}
                                q - ring of Existentialism {rPois rC+ Int-3 Dex+6 SInv}

@: berserking (expiring), very quick, not resistant to hostile enchantments,
extremely unstealthy
A: antennae 2, agile 1, berserk 1, clever 1, mutation resistance 1, nightstalker
2, shaggy fur 1, MP-powered wands
a: Berserk, Trog's Hand, Burn Spellbooks, Renounce Religion, Evoke Flight


Innate Abilities, Weirdness & Mutations

You have a pair of antennae on your head.
You are significantly more attuned to the shadows.
You are agile. (Dex +2)
You tend to lose your temper in combat.
Your mind is acute. (Int +2)
You are somewhat resistant to further mutation.
You are covered in fur (AC +1).
You expend magic power (3 MP) to strengthen your wands.

Inventory:

Hand Weapons
 a - a +0 battleaxe (weapon)
Armour
 D - a +0 plate armour (worn)
Jewellery
 o - the ring of Inokaf (right hand) {+Fly rC+++ Dex-3 Slay+5}
   (You found it on level 4 of the Dungeon)

   [ring of flight]

   It affects your dexterity (-3).
   It affects your accuracy and damage with ranged weapons and melee attacks
   (+5).
   It renders you almost immune to cold.
   It lets you fly.
 q - the ring of Existentialism (left hand) {rPois rC+ Int-3 Dex+6 SInv}
   (You found it on level 5 of the Dungeon)

   [ring of protection from cold]

   It affects your intelligence (-3).
   It affects your dexterity (+6).
   It protects you from cold.
   It protects you from poison.
   It lets you see invisible.
Wands
 g - a wand of frost (17)
 s - a wand of lightning (3)
 z - a wand of polymorph (10)
Scrolls
 h - 2 scrolls of blinking {unknown}
 i - a scroll of fog {unknown}
 k - 11 scrolls of identify {unknown}
 m - a scroll of acquirement {unknown}
 n - 3 scrolls of teleportation {unknown}
 p - 2 scrolls of magic mapping {unknown}
 r - a scroll of remove curse {unknown}
 t - a scroll of immolation {unknown}
 u - 2 scrolls of enchant armour {unknown}
 v - a scroll of enchant weapon {unknown}
 x - a scroll of fear {unknown}
 y - a scroll of amnesia {unknown}
Potions
 b - 3 potions of agility {unknown}
 f - 2 potions of lignification {unknown}
 j - a potion of flight {unknown}
 l - a potion of invisibility {unknown}
 w - 2 potions of poison {unknown}
 C - 2 potions of brilliance {unknown}
Comestibles
 c - 4 bread rations
 d - 5 meat rations
 A - a slice of pizza


   Skills:
 + Level 5.9 Fighting
 * Level 7.0 Axes
 + Level 4.8 Armour
 + Level 4.6 Dodging


You had 7 spell levels left.
You didn't know any spells.


You were on level 10 of the Dungeon.
You worshipped Trog.
Trog was pleased with you.
You were hungry.

You visited 1 branch of the dungeon, and saw 10 of its levels.

You collected 258 gold pieces.

{ ##...##
##.....##
#..<.<..#
#.......#
#...<...#
##.....## .
##...## .
...#'''#...
≈.....@.....
≈≈...oY@....
............
............
≈≈..P...P.P.
≈≈...PY..P.

Notes
Turn   | Place    | Note
--------------------------------------------------------------
     0 | D:1      | ololoev the Demonspawn Berserker began the quest for the Orb.
     0 | D:1      | Reached XP level 1. HP: 18/18 MP: 1/1
   174 | D:2      | Gained mutation: You have a pair of small antennae on your head. [demonic ancestry]
   174 | D:2      | Reached XP level 2. HP: 14/24 MP: 2/2
   410 | D:4      | Gained mutation: You are slightly more attuned to the shadows. [demonic ancestry]
   410 | D:4      | Reached XP level 3. HP: 28/29 MP: 3/3
   427 | D:4      | Got a pitted marble ring
   428 | D:4      | Identified the ring of Inokaf {+Fly rC+++ Dex-3 Slay+5} (You found it on level 4 of the Dungeon)
   460 | D:5      | Entered Level 5 of the Dungeon
   479 | D:5      | Noticed an ogre
   485 | D:5      | Killed an ogre
   485 | D:5      | Reached skill level 4 in Axes
   485 | D:5      | Gained mutation: You have a pair of antennae on your head. [demonic ancestry]
   485 | D:5      | Reached XP level 4. HP: 36/36 MP: 4/4
   539 | D:5      | Noticed a sky beast
   539 | D:5      | Noticed a centaur
   539 | D:5      | Noticed a centaur
   541 | D:5      | Reached XP level 5. HP: 41/41 MP: 5/5
   545 | D:5      | Killed a centaur
   545 | D:5      | Reached ** piety under Trog
   553 | D:5      | Killed a centaur
   553 | D:5      | Reached XP level 6. HP: 29/48 MP: 6/6
   553 | D:5      | Killed a sky beast
   563 | D:5      | Gained mutation: You are agile. (Dex +2) [mutagenic meat]
   564 | D:5      | Gained mutation: You expend magic power (3 MP) to strengthen your wands. [mutagenic meat]
   565 | D:5      | Gained mutation: Your mind is acute. (Int +2) [mutagenic meat]
   566 | D:5      | Gained mutation: You are covered in fur (AC +1). [mutagenic meat]
   568 | D:5      | Gained mutation: You tend to lose your temper in combat. [mutagenic meat]
   618 | D:5      | Got a crude platinum ring
   620 | D:5      | Identified the ring of Existentialism {rPois rC+ Int-3 Dex+6 SInv} (You found it on level 5 of the Dungeon)
   875 | D:6      | Found a burning altar of Makhleb.
   883 | D:6      | Reached skill level 5 in Axes
   969 | D:6      | Noticed emiel's ghost (amateur OpEE)
   971 | D:6      | Found Zusuraps's Weapon Shop.
   983 | D:6      | Killed emiel's ghost
   983 | D:6      | Reached XP level 7. HP: 55/55 MP: 7/7
  1287 | D:8      | Reached skill level 5 in Fighting
  1407 | D:8      | Reached skill level 6 in Axes
  1407 | D:8      | Gained mutation: You are significantly more attuned to the shadows. [demonic ancestry]
  1407 | D:8      | Reached XP level 8. HP: 38/62 MP: 8/8
  1587 | D:9      | Found a staircase to the Lair.
  1645 | D:10     | Entered Level 10 of the Dungeon
  1668 | D:9      | Gained mutation: You are somewhat resistant to further mutation. [mutagenic meat]
  1770 | D:10     | Noticed Maud
  1778 | D:10     | Reached skill level 7 in Axes
  1781 | D:10     | HP: 2/96 [Maud/enchanted demon trident (12)]
  1782 | D:10     | Slain by a yak

Dungeon Overview and Level Annotations

Branches:
Dungeon (10/15)              Lair (0/8) D:9
 Temple: D:4-7          Orc: D:9-12

Altars:
Makhleb

Shops:
D:6 (

Annotations:
D:10 Maud


Message History

An orc comes into view. It is wielding a short sword.
Unknown command.
You slash Maud!
Maud is lightly wounded.
You slash the hog!
The hog is severely wounded.
Maud hits you with an enchanted demon trident!
The hog bites you but does no damage.
Unknown command.
You slice Maud!!
Maud is moderately wounded.
You slash the hog!
You kill the hog!
Trog accepts your kill.
Your Axes skill increases to level 7!
Maud hits you with an enchanted demon trident!!
You slash Maud!
Maud is moderately wounded.
Maud hits you with an enchanted demon trident!!
Unknown command.
You slice Maud!!
Maud is heavily wounded.
Your plate armour prevents you from hitting the yak.
You hear a bellow! x2
A yak comes into view.
Unknown command.
You barely miss Maud.
Maud is heavily wounded.
You hit the yak.
The yak is lightly wounded.
Maud hits you with an enchanted demon trident!
The yak gores you but does no damage.
A yak comes into view.
You completely miss Maud.
Maud is heavily wounded.
The yak bellows!
You slash the yak!
The yak is moderately wounded.
The yak gores you.
You die...

You could see Maud, 2 yaks and an orc.

Vanquished Creatures
  A trapdoor spider (D:9)
  The ghost of emiel the Digger, an amateur OpEE of Cheibriados (D:6)
  A hog (D:10)
  An orc warrior (D:8)
  2 sky beasts
  A phantom (D:8)
  An ogre (D:5)
  3 centaurs
  A big kobold (D:9)
  2 giant frogs
  A scorpion (D:9)
  2 jellies
  A centaur zombie (D:7)
  An orc priest (D:8)
  A centaur skeleton (D:6)
  A giant frog zombie (D:6)
  2 hounds
  A worker ant (D:4)
  An orc wizard (D:8)
  A hound skeleton (D:5)
  3 adders
  A river rat (D:9)
  A worm (D:4)
  4 orcs
  A ball python (D:5)
  A bat (D:1)
  A quokka (D:5)
  3 giant geckos
  2 giant newts
  A goblin (D:1)
  7 jackals
  5 kobolds (D:9)
  4 rats
60 creatures vanquished.

Vanquished Creatures (others)
  2 fungi (D:9)
  A plant (D:9)
3 creatures vanquished.

Grand Total: 63 creatures vanquished

Action                   |  1- 3 |  4- 6 |  7- 9 || total
-------------------------+-------+-------+-------++-------
Melee: Hand axe          |    59 |    41 |    22 ||   122
       Battleaxe         |       |       |    64 ||    64
Throw: Throwing net      |       |       |     1 ||     1
Invok: Berserk           |     3 |     2 |     3 ||     8
       Trog's Hand       |       |       |     5 ||     5
  Eat: Chunk             |     1 |    10 |    11 ||    22

Vault maps used:
D:1:      lightli_arrival_farm, corexii_item_surrounded_by_moat
D:3:      serial_undead, serial_undead_a, serial_undead_b, serial_undead_b,
          serial_undead_a, uniq_jessica, uniq_natasha
D:5:      minmay_opposing_rooms, minmay_temple_entry_butterflies, first_bread,
          minmay_misc_feat_iff, uniq_crazy_yiuf_cottage
D:6:      overflow_temple_1_default, serial_shops, kennysheep_mini_moat,
          grunt_gozag_breadcrumbs
D:7:      kennysheep_generic_room_9
D:9:      due_lair_maze_entry_diamond, uniq_erolcha
D:10:     kennysheep_town, uniq_josephine, uniq_maud
